Vegas Golden Knights vs Washington Capitals
(R1)
Created - Saturday, May 6, 2023 at 07:00
Goals
|
| Vegas Golden Knights |
1 |
1 |
1 |
3 |
| Washington Capitals |
1 |
1 |
3 |
5 |
|
Shots
|
| Vegas Golden Knights |
12 |
11 |
9 |
32 |
| Washington Capitals |
4 |
8 |
17 |
29 |
|
1st period
1. Vegas Golden Knights , Tom Wilson 21 (Artemi Panarin 36, Jordan Staal 14) at 8:28
2. Washington Capitals , Patrick Kane 26 (John Carlson 26, Brayden Point 34) at 8:45
Penalties :
Andrew Peeke (VGK) for Interference (Minor) at 0:47, Brad Marchand (WSH) for Holding (Minor) at 4:08, Brad Marchand (WSH) for Roughing (Minor) at 11:47, Ian Cole (WSH) for Hooking (Minor) at 14:27
2nd period
3. Washington Capitals , Brayden Point 21 (Patrick Kane 36, Alex Ovechkin 21) at 8:01
4. Vegas Golden Knights , P.K. Subban 4 (Tom Wilson 22, Colin White 18) at 11:51 (PP)
Penalties :
P.K. Subban (VGK) for Interference (Minor) at 2:52, Nick Jensen (WSH) for Holding Stick (Minor) at 11:47, Ian Cole (WSH) for Tripping (Minor) at 15:07
3rd period
5. Vegas Golden Knights , Tom Wilson 22 (Artemi Panarin 37, Rickard Rakell 18) at 3:41
6. Washington Capitals , Brayden Point 22 (Patrick Kane 37, John Carlson 27) at 11:29
7. Washington Capitals , Drake Batherson 11 (Barrett Hayton 5, Erik Cernak 12) at 13:34
8. Washington Capitals , Fabian Zetterlund 5 (Jason Robertson 20, Brad Marchand 19) at 17:16
Penalties :
John Marino (VGK) for Holding (Minor) at 6:38
Goalie Stats
Philipp Grubauer (VGK), 24 saves from 29 shots - (0.828), L, 5-13-1, 60:00 minutes
Jake Oettinger (WSH), 29 saves from 32 shots - (0.906), W, 25-14-1, 60:00 minutes
Players Stats for Vegas Golden Knights
Player Name G A P +/- PIM S H SB GA TA FO MP PP MP PK MP
------------------------------------------------------------------------------------
Andreas Johnsson 0 0 0 0 0 2 1 0 0 1 0/0 10:35 3:37 0:00
Andrew Peeke 0 0 0 0 2 0 0 0 0 0 0/0 17:00 0:00 2:12
Anthony Cirelli 0 0 0 -1 0 2 0 0 1 0 11/12 15:11 0:03 2:06
Artemi Panarin 0 2 2 -2 0 2 2 1 2 0 1/1 20:07 4:20 0:00
Brian Dumoulin 0 0 0 -4 0 0 0 1 0 0 0/0 23:18 0:00 2:24
Colin White 0 1 1 0 0 1 2 0 0 0 6/11 11:36 4:20 0:00
Jaden Schwartz 0 0 0 -1 0 4 0 0 0 0 0/2 19:01 4:54 1:05
John Marino 0 0 0 -4 2 1 0 3 1 1 0/0 25:42 3:06 0:49
Jonathan Drouin 0 0 0 0 0 4 3 0 1 0 0/0 10:09 0:00 0:00
Jordan Staal 0 1 1 -2 0 0 0 0 0 0 13/27 19:32 0:00 2:49
Marc Staal 0 0 0 0 0 1 2 1 0 0 0/0 18:02 0:00 3:21
Marc-Edouard Vlasic 0 0 0 1 0 0 1 1 0 0 0/0 11:50 0:00 2:36
P.K. Subban 1 0 1 1 2 2 0 1 0 0 0/0 15:25 4:54 0:32
Rickard Rakell 0 1 1 -1 0 3 1 0 0 0 0/0 16:36 3:37 0:00
Tom Wilson 2 1 3 -2 0 8 1 0 1 1 0/3 23:11 4:20 2:57
Victor Olofsson 0 0 0 0 0 1 0 0 1 0 1/1 10:37 3:09 0:00
Vladislav Namestnikov 0 0 0 0 0 0 2 0 1 0 4/12 14:05 3:37 1:09
Zach Parise 0 0 0 0 0 1 0 1 0 0 0/1 12:03 0:03 1:48
Players Stats for Washington Capitals
Player Name G A P +/- PIM S H SB GA TA FO MP PP MP PK MP
------------------------------------------------------------------------------------
Alex Ovechkin 0 1 1 2 0 1 2 1 1 1 0/1 18:08 3:17 0:00
Barrett Hayton 0 1 1 1 0 0 1 1 0 0 2/6 16:44 2:40 3:04
Brad Marchand 0 1 1 0 4 0 3 1 2 0 0/0 19:08 2:40 2:03
Brayden Point 2 1 3 2 0 4 3 0 0 0 19/36 23:52 3:17 1:38
Connor Murphy 0 0 0 -1 0 1 0 1 0 2 0/0 21:37 2:25 3:33
Drake Batherson 1 0 1 1 0 4 1 1 0 0 0/0 11:59 0:00 0:00
Dylan DeMelo 0 0 0 0 0 0 0 0 0 0 0/0 5:09 0:00 0:00
Erik Cernak 0 1 1 3 0 2 5 1 0 2 0/0 28:07 3:32 4:27
Fabian Zetterlund 1 0 1 0 0 2 2 0 0 0 3/9 13:52 0:00 0:00
Ian Cole 0 0 0 1 4 1 1 1 0 1 0/0 10:20 0:00 0:00
Isac Lundestrom 0 0 0 0 0 0 0 0 0 0 7/10 6:13 0:00 4:18
Jason Robertson 0 1 1 0 0 2 2 0 0 0 1/2 17:14 2:40 0:37
John Carlson 0 2 2 3 0 2 0 1 0 1 0/0 23:34 3:32 0:00
Jordan Kyrou 0 0 0 1 0 1 0 0 0 0 0/1 16:16 0:00 4:20
Nick Jensen 0 0 0 1 2 0 2 1 0 1 0/0 15:12 0:00 3:33
Nikita Zaitsev 0 0 0 -1 0 2 4 2 0 0 0/0 21:13 2:25 4:27
Owen Tippett 0 0 0 0 0 0 0 0 0 0 2/4 5:09 0:00 0:00
Patrick Kane 1 2 3 2 0 7 0 0 0 0 0/1 18:08 3:17 0:00
3 Stars
1 - Brayden Point (WSH)
2 - Patrick Kane (WSH)
3 - Erik Cernak (WSH)
Power Play
Vegas Golden Knights - 1 on 5 Attempt(s) - 20.00%
Washington Capitals - 0 on 3 Attempt(s) - 0.00%
Penalty Kill
Vegas Golden Knights - 3 on 3 Attempt(s) - 100.00%
- Score 0 goal in Penalty Kill
Washington Capitals - 4 on 5 Attempt(s) - 80.00%
- Score 0 goal in Penalty Kill
Team Stat
Vegas Golden Knights - Hits : 15 - Faceoff Wins : 36 - Blocked Shots : 9 - Penalty Minutes : 6
Washington Capitals - Hits : 26 - Faceoff Wins : 34 - Blocked Shots : 11 - Penalty Minutes : 10
Official
Referees : TJ Luxmore and Dean Morton
Linesman : Brad Kovachik and John Grandt
Game Notes
No Game Note
Finance
Level 1 -- Attendance: 5640 (94.00%) -- Ticket Income $547,080
Level 2 -- Attendance: 5000 (100.00%) -- Ticket Income $285,000
Level 3 -- Attendance: 3000 (100.00%) -- Ticket Income $102,000
Level 4 -- Attendance: 4802 (96.04%) -- Ticket Income $110,446
Luxury Box -- Attendance: 862 (86.20%) -- Ticket Income $169,814
Game was played at the Verizon Center.
Total Attendance: 19304 (96.52%)
Total Ticket Income: $1,214,340
Other Income: $425,019
Total Income: $1,639,359
Vegas Golden Knights
5 vs 5 Forward
Center Left Wing Right Wing Time % Phy DF OF
1 Jordan Staal Artemi Panarin Tom Wilson 40 1 2 2
2 Anthony Cirelli Jaden Schwartz Rickard Rakell 30 1 2 2
3 Vladislav Namestnikov Zach Parise Jonathan Drouin 20 1 2 2
4 Colin White Andreas Johnsson Victor Olofsson 10 1 2 2
5 vs 5 Defense
Defense Defense Time % Phy DF OF
1 Brian Dumoulin John Marino 40 1 2 2
2 Marc Staal Andrew Peeke 30 1 2 2
3 Marc-Edouard Vlasic P.K. Subban 20 1 2 2
4 Brian Dumoulin John Marino 10 1 2 2
PowerPlay Forward
Center Left Wing Right Wing Time % Phy DF OF
1 Colin White Artemi Panarin Tom Wilson 60 1 2 2
2 Vladislav Namestnikov Andreas Johnsson Rickard Rakell 40 1 2 2
PowerPlay Defense
Defense Defense Time % Phy DF OF
1 Jaden Schwartz P.K. Subban 60 1 2 2
2 Victor Olofsson John Marino 40 1 2 2
Penalty Kill 4 Players Forward
Center Wing Time % Phy DF OF
1 Jordan Staal Tom Wilson 60 1 2 2
2 Anthony Cirelli Zach Parise 40 1 2 2
Penalty Kill 4 Players Defense
Defense Defense Time % Phy DF OF
1 Marc Staal Andrew Peeke 60 1 2 2
2 Marc-Edouard Vlasic Brian Dumoulin 40 1 2 2
Penalty Kill - 3 Players Forward
Forward Time % Phy DF OF
1 Anthony Cirelli 60 1 2 2
2 Zach Parise 40 1 2 2
Penalty Kill - 3 Players Defense
Defense Defense Time % Phy DF OF
1 Marc Staal Andrew Peeke 60 1 2 2
2 Marc-Edouard Vlasic Brian Dumoulin 40 1 2 2
4 vs 4 Forward
Center Wing Time % Phy DF OF
1 Jordan Staal Artemi Panarin 60 1 2 2
2 Anthony Cirelli Tom Wilson 40 1 2 2
4 vs 4 Defense
Defense Defense Time % Phy DF OF
1 Marc Staal Andrew Peeke 60 1 2 2
2 Brian Dumoulin John Marino 40 1 2 2
Last Minutes Offensive
Center Left Wing Right Wing Defense Defense
Jordan Staal Artemi Panarin Tom Wilson Brian Dumoulin John Marino
Last Minutes Defensive
Center Left Wing Right Wing Defense Defense
Jordan Staal Zach Parise Tom Wilson Brian Dumoulin Andrew Peeke
Goaltenders
Starting : Philipp Grubauer
Backup : Casey DeSmith
Extra Forwards
Normal : Rickard Rakell, Artemi Panarin, Jordan Staal - PP : Anthony Cirelli, Zach Parise - PK : Vladislav Namestnikov
Extra Defensemen
Normal : Marc Staal, John Marino, Brian Dumoulin - PP : Marc Staal - PK : John Marino, P.K. Subban
Penalty Shots
Artemi Panarin, Rickard Rakell, Andreas Johnsson, Anthony Cirelli, Victor Olofsson
Washington Capitals
5 vs 5 Forward
Center Left Wing Right Wing Time % Phy DF OF
1 Brayden Point Alex Ovechkin Patrick Kane 40 1 2 2
2 Fabian Zetterlund Brad Marchand Jason Robertson 30 1 2 2
3 Barrett Hayton Jordan Kyrou Drake Batherson 20 1 2 2
4 Owen Tippett Dylan DeMelo Brayden Point 10 1 2 2
5 vs 5 Defense
Defense Defense Time % Phy DF OF
1 John Carlson Erik Cernak 40 1 2 2
2 Connor Murphy Nikita Zaitsev 30 1 2 2
3 Ian Cole Nick Jensen 20 1 2 2
4 John Carlson Erik Cernak 10 1 2 2
PowerPlay Forward
Center Left Wing Right Wing Time % Phy DF OF
1 Brayden Point Alex Ovechkin Patrick Kane 60 1 2 2
2 Barrett Hayton Brad Marchand Jason Robertson 40 1 2 2
PowerPlay Defense
Defense Defense Time % Phy DF OF
1 John Carlson Erik Cernak 60 1 2 2
2 Connor Murphy Nikita Zaitsev 40 1 2 2
Penalty Kill 4 Players Forward
Center Wing Time % Phy DF OF
1 Isac Lundestrom Brad Marchand 60 1 2 2
2 Barrett Hayton Jordan Kyrou 40 1 2 2
Penalty Kill 4 Players Defense
Defense Defense Time % Phy DF OF
1 Erik Cernak Nikita Zaitsev 60 1 2 2
2 Connor Murphy Nick Jensen 40 1 2 2
Penalty Kill - 3 Players Forward
Forward Time % Phy DF OF
1 Isac Lundestrom 60 1 2 2
2 Barrett Hayton 40 1 2 2
Penalty Kill - 3 Players Defense
Defense Defense Time % Phy DF OF
1 Erik Cernak Nikita Zaitsev 60 1 2 2
2 Connor Murphy Nick Jensen 40 1 2 2
4 vs 4 Forward
Center Wing Time % Phy DF OF
1 Brayden Point Alex Ovechkin 60 1 2 2
2 Patrick Kane Brad Marchand 40 1 2 2
4 vs 4 Defense
Defense Defense Time % Phy DF OF
1 John Carlson Erik Cernak 60 1 2 2
2 Connor Murphy Nikita Zaitsev 40 1 2 2
Last Minutes Offensive
Center Left Wing Right Wing Defense Defense
Brayden Point Alex Ovechkin Patrick Kane John Carlson Erik Cernak
Last Minutes Defensive
Center Left Wing Right Wing Defense Defense
Isac Lundestrom Barrett Hayton Brad Marchand John Carlson Erik Cernak
Goaltenders
Starting : Jake Oettinger
Backup : Vitek Vanecek
Extra Forwards
Normal : Isac Lundestrom, Drake Batherson, Jordan Kyrou - PP : Isac Lundestrom, Drake Batherson - PK : Jordan Kyrou
Extra Defensemen
Normal : Ian Cole, Erik Cernak, Connor Murphy - PP : Ian Cole - PK : Erik Cernak, Connor Murphy
Penalty Shots
Brayden Point, Alex Ovechkin, Patrick Kane, Brad Marchand, Jason Robertson
% Time on Ice - Vegas Golden Knights
Lines # - Real PCT - Wanted PCT - Time Play
Normal Forward
1 - 35% - 40% - 16:08
2 - 28% - 30% - 12:48
3 - 22% - 20% - 10:09
4 - 15% - 10% - 6:58
Normal Defense
1 - 41% - 40% - 18:51
2 - 33% - 30% - 15:19
3 - 21% - 20% - 9:30
4 - 5% - 10% - 2:23
PP Forward
1 - 55% - 60% - 4:23
2 - 45% - 40% - 3:37
PP Defense
1 - 61% - 60% - 4:54
2 - 39% - 40% - 3:06
PK Forward
1 - 70% - 60% - 4:09
2 - 30% - 40% - 1:48
PK Defense
1 - 60% - 60% - 3:33
2 - 40% - 40% - 2:24
PK3 Forward
1 - 0% - 60%
2 - 0% - 40%
PK3 Defense
1 - 0% - 60%
2 - 0% - 40%
44 Forward
1 - 0% - 60%
2 - 0% - 40%
44 Defense
1 - 0% - 60%
2 - 0% - 40%
Last Minute Offensive - 0:00
Last Minute Defensive - 0:00
Total
Forward - 60:00
Defense - 60:00
|
% Time on Ice - Washington Capitals
Lines # - Real PCT - Wanted PCT - Time Play
Normal Forward
1 - 33% - 40% - 15:22
2 - 30% - 30% - 13:52
3 - 25% - 20% - 11:40
4 - 11% - 10% - 5:09
Normal Defense
1 - 41% - 40% - 18:56
2 - 34% - 30% - 15:39
3 - 22% - 20% - 10:16
4 - 3% - 10% - 1:12
PP Forward
1 - 55% - 60% - 3:17
2 - 45% - 40% - 2:40
PP Defense
1 - 59% - 60% - 3:32
2 - 41% - 40% - 2:25
PK Forward
1 - 74% - 60% - 5:56
2 - 26% - 40% - 2:04
PK Defense
1 - 56% - 60% - 4:27
2 - 44% - 40% - 3:33
PK3 Forward
1 - 0% - 60%
2 - 0% - 40%
PK3 Defense
1 - 0% - 60%
2 - 0% - 40%
44 Forward
1 - 0% - 60%
2 - 0% - 40%
44 Defense
1 - 0% - 60%
2 - 0% - 40%
Last Minute Offensive - 0:00
Last Minute Defensive - 0:00
Total
Forward - 60:00
Defense - 60:00
|
Play-by-Play
1st period
0:01 of 1st period - Artemi Panarin wins face-off versus Brayden Point in neutral zone.
0:14 of 1st period - Slapshot by Artemi Panarin.
0:14 of 1st period - Deflect By Tom Wilson.
0:14 of 1st period - Stopped by Jake Oettinger with a rebound.
0:31 of 1st period - Brian Dumoulin is hit by Fabian Zetterlund and loses puck.
0:47 of 1st period - Minor Penalty to Andrew Peeke for Interference.
0:48 of 1st period - Jordan Staal wins face-off versus Brayden Point in Vegas Golden Knights zone.
1:02 of 1st period - Snap shot by Alex Ovechkin.
1:02 of 1st period - Shot Misses the Net.
1:04 of 1st period - Snap shot by Brayden Point.
1:04 of 1st period - Shot Misses the Net.
1:52 of 1st period - Zach Parise is hit by Brayden Point and loses puck.
2:47 of 1st period - Penalty to Andrew Peeke is over, Andrew Peeke is back on ice.
2:53 of 1st period - Slapshot by Drake Batherson.
2:53 of 1st period - Deflect By Tom Wilson.
2:53 of 1st period - Shot Misses the Net.
2:53 of 1st period - Puck is out of play.
2:54 of 1st period - Isac Lundestrom wins face-off versus Colin White in Vegas Golden Knights zone.
2:55 of 1st period - Slapshot by Drake Batherson.
2:55 of 1st period - Stopped by Philipp Grubauer without a rebound.
2:56 of 1st period - Victor Olofsson wins face-off versus Isac Lundestrom in Vegas Golden Knights zone.
3:02 of 1st period - Off-side.
3:03 of 1st period - Colin White wins face-off versus Brayden Point in neutral zone.
3:18 of 1st period - Wrist shot by Brayden Point.
3:18 of 1st period - Shot Blocked by John Marino.
3:20 of 1st period - Slapshot by Erik Cernak.
3:20 of 1st period - Stopped by Philipp Grubauer with a rebound.
3:31 of 1st period - Off-side.
3:32 of 1st period - Jordan Staal wins face-off versus Jason Robertson in neutral zone.
3:41 of 1st period - Wrist shot by Tom Wilson.
3:41 of 1st period - Shot Blocked by Brad Marchand.
3:44 of 1st period - Icing by Brad Marchand.
3:45 of 1st period - Anthony Cirelli wins face-off versus Fabian Zetterlund in Washington Capitals zone.
3:48 of 1st period - Slapshot by Rickard Rakell.
3:48 of 1st period - Shot Blocked by Nikita Zaitsev.
3:50 of 1st period - Wrist shot by Anthony Cirelli.
3:50 of 1st period - Shot Misses the Net.
4:08 of 1st period - Minor Penalty to Brad Marchand for Holding.
4:09 of 1st period - Isac Lundestrom wins face-off versus Tom Wilson in Washington Capitals zone.
4:22 of 1st period - Wrist shot by Tom Wilson.
4:22 of 1st period - Stopped by Jake Oettinger with a rebound.
4:24 of 1st period - Slapshot by P.K. Subban.
4:24 of 1st period - Stopped by Jake Oettinger without a rebound.
4:25 of 1st period - Isac Lundestrom wins face-off versus Tom Wilson in Washington Capitals zone.
4:50 of 1st period - Jaden Schwartz is hit by Erik Cernak and loses puck.
6:08 of 1st period - Penalty to Brad Marchand is over, Brad Marchand is back on ice.
6:33 of 1st period - Nick Jensen is hit by Marc Staal.
7:35 of 1st period - Snap shot by Vladislav Namestnikov.
7:35 of 1st period - Deflect By Andreas Johnsson.
7:35 of 1st period - Shot Blocked by Erik Cernak.
7:35 of 1st period - Puck is out of play.
7:36 of 1st period - Colin White wins face-off versus Owen Tippett in Washington Capitals zone.
7:39 of 1st period - Snap shot by Victor Olofsson.
7:39 of 1st period - Stopped by Jake Oettinger without a rebound.
7:40 of 1st period - Colin White wins face-off versus Barrett Hayton in Washington Capitals zone.
7:53 of 1st period - Snap shot by Victor Olofsson.
7:53 of 1st period - Deflect By John Carlson.
7:53 of 1st period - Shot Misses the Net.
7:53 of 1st period - Puck is out of play.
7:54 of 1st period - Jordan Staal wins face-off versus Brayden Point in Washington Capitals zone.
8:06 of 1st period - Off-side.
8:07 of 1st period - Brayden Point wins face-off versus Jordan Staal in neutral zone.
8:16 of 1st period - Snap shot by Alex Ovechkin.
8:16 of 1st period - Deflect By Jordan Staal.
8:16 of 1st period - Shot Misses the Net.
8:16 of 1st period - Puck is out of play.
8:17 of 1st period - Jordan Staal wins face-off versus Brayden Point in Vegas Golden Knights zone.
8:22 of 1st period - Backhand shot by Tom Wilson.
8:22 of 1st period - Stopped by Jake Oettinger without a rebound.
8:23 of 1st period - Jordan Staal wins face-off versus Brayden Point in Washington Capitals zone.
8:28 of 1st period - Snap shot by Tom Wilson.
8:28 of 1st period - Goal by Tom Wilson - Vegas Golden Knights : 1 - Washington Capitals : 0.
8:29 of 1st period - Brayden Point wins face-off versus Jordan Staal in neutral zone.
8:41 of 1st period - Snap shot by Brayden Point.
8:41 of 1st period - Shot Misses the Net.
8:43 of 1st period - Wrist shot by Brayden Point.
8:43 of 1st period - Shot Blocked by Artemi Panarin.
8:45 of 1st period - Slapshot by John Carlson.
8:45 of 1st period - Deflect By Patrick Kane.
8:45 of 1st period - Goal by Patrick Kane - Vegas Golden Knights : 1 - Washington Capitals : 1.
8:46 of 1st period - Anthony Cirelli wins face-off versus Fabian Zetterlund in neutral zone.
8:53 of 1st period - Snap shot by Rickard Rakell.
8:53 of 1st period - Stopped by Jake Oettinger without a rebound.
8:54 of 1st period - Anthony Cirelli wins face-off versus Fabian Zetterlund in Washington Capitals zone.
9:09 of 1st period - Snap shot by Jaden Schwartz.
9:09 of 1st period - Stopped by Jake Oettinger with a rebound.
9:37 of 1st period - Wrist shot by Jaden Schwartz.
9:37 of 1st period - Shot Misses the Net.
9:39 of 1st period - Snap shot by Anthony Cirelli.
9:39 of 1st period - Shot Blocked by Nick Jensen.
9:41 of 1st period - Slapshot by Brian Dumoulin.
9:41 of 1st period - Shot Misses the Net.
9:43 of 1st period - Snap shot by Rickard Rakell.
9:43 of 1st period - Stopped by Jake Oettinger with a rebound.
9:45 of 1st period - Slapshot by John Marino.
9:45 of 1st period - Shot Misses the Net.
9:51 of 1st period - Wrist shot by Jaden Schwartz.
9:51 of 1st period - Stopped by Jake Oettinger with a rebound.
9:59 of 1st period - Wrist shot by Anthony Cirelli.
9:59 of 1st period - Deflect By Rickard Rakell.
9:59 of 1st period - Shot Misses the Net.
9:59 of 1st period - Puck is out of play.
10:00 of 1st period - Brayden Point wins face-off versus Jordan Staal in Washington Capitals zone.
11:47 of 1st period - Minor Penalty to Brad Marchand for Roughing.
11:48 of 1st period - Isac Lundestrom wins face-off versus Colin White in Washington Capitals zone.
12:23 of 1st period - Wrist shot by Andreas Johnsson.
12:23 of 1st period - Stopped by Jake Oettinger without a rebound.
12:24 of 1st period - Isac Lundestrom wins face-off versus Vladislav Namestnikov in Washington Capitals zone.
13:44 of 1st period - Artemi Panarin is hit by Nick Jensen and loses puck.
13:47 of 1st period - Penalty to Brad Marchand is over, Brad Marchand is back on ice.
13:59 of 1st period - Erik Cernak is hit by Jonathan Drouin and loses puck.
14:15 of 1st period - Anthony Cirelli is hit by Brad Marchand and loses puck.
14:27 of 1st period - Minor Penalty to Ian Cole for Hooking.
14:28 of 1st period - Colin White wins face-off versus Jordan Kyrou in Washington Capitals zone.
14:44 of 1st period - Isac Lundestrom is hit by Tom Wilson and loses puck.
15:27 of 1st period - Wrist shot by Brad Marchand.
15:27 of 1st period - Deflect By Isac Lundestrom.
15:27 of 1st period - Shot Misses the Net.
15:27 of 1st period - Puck is out of play.
15:28 of 1st period - Vladislav Namestnikov wins face-off versus Isac Lundestrom in Vegas Golden Knights zone.
16:27 of 1st period - Penalty to Ian Cole is over, Ian Cole is back on ice.
16:37 of 1st period - Wrist shot by Brayden Point.
16:37 of 1st period - Shot Misses the Net.
17:03 of 1st period - Jonathan Drouin is hit by Erik Cernak.
17:40 of 1st period - Nikita Zaitsev is hit by Andreas Johnsson and loses puck.
19:17 of 1st period - Wrist shot by Zach Parise.
19:17 of 1st period - Stopped by Jake Oettinger without a rebound.
19:18 of 1st period - Fabian Zetterlund wins face-off versus Vladislav Namestnikov in Washington Capitals zone.
19:25 of 1st period - Jonathan Drouin is hit by Brad Marchand and loses puck.
19:40 of 1st period - Snap shot by Drake Batherson.
19:40 of 1st period - Shot Misses the Net.
19:42 of 1st period - Slapshot by Ian Cole.
19:42 of 1st period - Stopped by Philipp Grubauer without a rebound.
19:43 of 1st period - Anthony Cirelli wins face-off versus Barrett Hayton in Vegas Golden Knights zone.
19:51 of 1st period - Off-side.
19:52 of 1st period - Brayden Point wins face-off versus Jordan Staal in neutral zone.
Goals for this period are 1 for Vegas Golden Knights vs 1 for Washington Capitals.
Shots for this period are 12 for Vegas Golden Knights vs 4 for Washington Capitals.
2nd period
0:01 of 2nd period - Brayden Point wins face-off versus Jordan Staal in neutral zone.
0:04 of 2nd period - Wrist shot by John Carlson.
0:04 of 2nd period - Stopped by Philipp Grubauer without a rebound.
0:05 of 2nd period - Jordan Staal wins face-off versus Brayden Point in Vegas Golden Knights zone.
0:10 of 2nd period - Wrist shot by Tom Wilson.
0:10 of 2nd period - Stopped by Jake Oettinger with a rebound.
0:18 of 2nd period - Wrist shot by Artemi Panarin.
0:18 of 2nd period - Stopped by Jake Oettinger with a rebound.
0:34 of 2nd period - Snap shot by Jason Robertson.
0:34 of 2nd period - Shot Misses the Net.
0:42 of 2nd period - Snap shot by Brad Marchand.
0:42 of 2nd period - Shot Hit the Post.
0:51 of 2nd period - Icing by Jason Robertson.
0:52 of 2nd period - Fabian Zetterlund wins face-off versus Vladislav Namestnikov in Washington Capitals zone.
0:59 of 2nd period - Vladislav Namestnikov is hit by Erik Cernak and loses puck.
1:38 of 2nd period - Marc Staal is hit by Nikita Zaitsev and loses puck.
2:05 of 2nd period - Wrist shot by Artemi Panarin.
2:05 of 2nd period - Shot Misses the Net.
2:07 of 2nd period - Slapshot by Marc Staal.
2:07 of 2nd period - Stopped by Jake Oettinger without a rebound.
2:08 of 2nd period - Anthony Cirelli wins face-off versus Brayden Point in Washington Capitals zone.
2:13 of 2nd period - Snap shot by Jaden Schwartz.
2:13 of 2nd period - Stopped by Jake Oettinger without a rebound.
2:14 of 2nd period - Brayden Point wins face-off versus Jaden Schwartz in Washington Capitals zone.
2:45 of 2nd period - Snap shot by Jason Robertson.
2:45 of 2nd period - Stopped by Philipp Grubauer without a rebound.
2:46 of 2nd period - Fabian Zetterlund wins face-off versus Vladislav Namestnikov in Vegas Golden Knights zone.
2:52 of 2nd period - Minor Penalty to P.K. Subban for Interference.
2:53 of 2nd period - Brayden Point wins face-off versus Jordan Staal in Vegas Golden Knights zone.
2:53 of 2nd period - Wrist shot by Patrick Kane.
2:53 of 2nd period - Shot Misses the Net.
4:52 of 2nd period - Penalty to P.K. Subban is over, P.K. Subban is back on ice.
5:24 of 2nd period - Backhand shot by Jonathan Drouin.
5:24 of 2nd period - Stopped by Jake Oettinger with a rebound.
5:26 of 2nd period - Wrist shot by Zach Parise.
5:26 of 2nd period - Shot Misses the Net.
5:36 of 2nd period - Snap shot by Brad Marchand.
5:36 of 2nd period - Shot Misses the Net.
5:38 of 2nd period - Backhand shot by Fabian Zetterlund.
5:38 of 2nd period - Stopped by Philipp Grubauer with a rebound.
5:48 of 2nd period - Rickard Rakell is hit by Brayden Point and loses puck.
5:59 of 2nd period - Slapshot by Artemi Panarin.
5:59 of 2nd period - Stopped by Jake Oettinger without a rebound.
6:00 of 2nd period - Owen Tippett wins face-off versus Jordan Staal in Washington Capitals zone.
6:00 of 2nd period - Owen Tippett is hit by Artemi Panarin.
6:50 of 2nd period - Off-side.
6:51 of 2nd period - Anthony Cirelli wins face-off versus Fabian Zetterlund in neutral zone.
7:47 of 2nd period - Slapshot by Colin White.
7:47 of 2nd period - Shot Blocked by Drake Batherson.
7:49 of 2nd period - Wrist shot by Brian Dumoulin.
7:49 of 2nd period - Deflect By Andreas Johnsson.
7:49 of 2nd period - Shot Blocked by Connor Murphy.
7:49 of 2nd period - Puck is out of play.
7:50 of 2nd period - Jordan Staal wins face-off versus Brayden Point in Washington Capitals zone.
7:51 of 2nd period - Slapshot by Artemi Panarin.
7:51 of 2nd period - Shot Blocked by Alex Ovechkin.
7:57 of 2nd period - Snap shot by Patrick Kane.
7:57 of 2nd period - Stopped by Philipp Grubauer with a rebound.
7:59 of 2nd period - Wrist shot by Patrick Kane.
7:59 of 2nd period - Stopped by Philipp Grubauer with a rebound.
8:01 of 2nd period - Slapshot by Brayden Point.
8:01 of 2nd period - Goal by Brayden Point - Vegas Golden Knights : 1 - Washington Capitals : 2.
8:02 of 2nd period - Jordan Staal wins face-off versus Brayden Point in neutral zone.
8:29 of 2nd period - Brian Dumoulin is hit by Fabian Zetterlund and loses puck.
9:42 of 2nd period - Snap shot by Colin White.
9:42 of 2nd period - Shot Misses the Net.
10:24 of 2nd period - Backhand shot by Jonathan Drouin.
10:24 of 2nd period - Stopped by Jake Oettinger with a rebound.
11:22 of 2nd period - Snap shot by Drake Batherson.
11:22 of 2nd period - Stopped by Philipp Grubauer without a rebound.
11:23 of 2nd period - Anthony Cirelli wins face-off versus Barrett Hayton in Vegas Golden Knights zone.
11:23 of 2nd period - Anthony Cirelli is hit by Nick Jensen.
11:29 of 2nd period - Nick Jensen is hit by Rickard Rakell and loses puck.
11:47 of 2nd period - Minor Penalty to Nick Jensen for Holding Stick.
11:48 of 2nd period - Colin White wins face-off versus Isac Lundestrom in Washington Capitals zone.
11:49 of 2nd period - Wrist shot by Tom Wilson.
11:49 of 2nd period - Shot Blocked by Nikita Zaitsev.
11:51 of 2nd period - Slapshot by P.K. Subban.
11:51 of 2nd period - Deflect By Erik Cernak.
11:51 of 2nd period - Goal by P.K. Subban - Vegas Golden Knights : 2 - Washington Capitals : 2.
11:52 of 2nd period - Jordan Staal wins face-off versus Brayden Point in neutral zone.
11:52 of 2nd period - Jordan Staal is hit by Alex Ovechkin.
13:06 of 2nd period - Icing by Connor Murphy.
13:07 of 2nd period - Brayden Point wins face-off versus Colin White in Washington Capitals zone.
13:07 of 2nd period - Brayden Point is hit by Colin White.
13:21 of 2nd period - Snap shot by Patrick Kane.
13:21 of 2nd period - Stopped by Philipp Grubauer without a rebound.
13:22 of 2nd period - Brayden Point wins face-off versus Jordan Staal in Vegas Golden Knights zone.
13:44 of 2nd period - Jordan Staal is hit by Brayden Point and loses puck.
14:19 of 2nd period - Barrett Hayton is hit by Jonathan Drouin and loses puck.
14:26 of 2nd period - Snap shot by Jonathan Drouin.
14:26 of 2nd period - Stopped by Jake Oettinger with a rebound.
14:36 of 2nd period - Brian Dumoulin is hit by Ian Cole and loses puck.
14:45 of 2nd period - Brayden Point is hit by Marc-Edouard Vlasic and loses puck.
15:00 of 2nd period - Slapshot by Jaden Schwartz.
15:00 of 2nd period - Shot Blocked by Ian Cole.
15:02 of 2nd period - Slapshot by John Marino.
15:02 of 2nd period - Stopped by Jake Oettinger with a rebound.
15:07 of 2nd period - Minor Penalty to Ian Cole for Tripping.
15:08 of 2nd period - Isac Lundestrom wins face-off versus Colin White in Washington Capitals zone.
15:36 of 2nd period - Slapshot by Jaden Schwartz.
15:36 of 2nd period - Shot Blocked by Barrett Hayton.
17:07 of 2nd period - Penalty to Ian Cole is over, Ian Cole is back on ice.
17:12 of 2nd period - Backhand shot by Jonathan Drouin.
17:12 of 2nd period - Stopped by Jake Oettinger without a rebound.
17:13 of 2nd period - Brayden Point wins face-off versus Jordan Staal in Washington Capitals zone.
18:20 of 2nd period - Slapshot by Tom Wilson.
18:20 of 2nd period - Shot Misses the Net.
18:32 of 2nd period - Ian Cole is hit by Jonathan Drouin and loses puck.
19:37 of 2nd period - Rickard Rakell is hit by Brad Marchand and loses puck.
19:59 of 2nd period - Artemi Panarin is hit by Barrett Hayton and loses puck.
Goals for this period are 1 for Vegas Golden Knights vs 1 for Washington Capitals.
Shots for this period are 11 for Vegas Golden Knights vs 8 for Washington Capitals.
3rd period
0:01 of 3rd period - Jordan Staal wins face-off versus Alex Ovechkin in neutral zone.
0:06 of 3rd period - Brayden Point is hit by Artemi Panarin and loses puck.
0:27 of 3rd period - John Marino is hit by Drake Batherson and loses puck.
0:32 of 3rd period - Snap shot by Jordan Kyrou.
0:32 of 3rd period - Deflect By Artemi Panarin.
0:32 of 3rd period - Shot Misses the Net.
0:32 of 3rd period - Puck is out of play.
0:33 of 3rd period - Barrett Hayton wins face-off versus Anthony Cirelli in Vegas Golden Knights zone.
0:34 of 3rd period - Snap shot by Jordan Kyrou.
0:34 of 3rd period - Stopped by Philipp Grubauer without a rebound.
0:35 of 3rd period - Anthony Cirelli wins face-off versus Brayden Point in Vegas Golden Knights zone.
0:48 of 3rd period - Wrist shot by Brayden Point.
0:48 of 3rd period - Deflect By Patrick Kane.
0:48 of 3rd period - Shot Misses the Net.
0:48 of 3rd period - Puck is out of play.
0:49 of 3rd period - Jordan Staal wins face-off versus Patrick Kane in Vegas Golden Knights zone.
1:16 of 3rd period - Jaden Schwartz is hit by Jason Robertson and loses puck.
1:23 of 3rd period - Wrist shot by Jason Robertson.
1:23 of 3rd period - Stopped by Philipp Grubauer with a rebound.
1:25 of 3rd period - Slapshot by Nikita Zaitsev.
1:25 of 3rd period - Deflect By Jaden Schwartz.
1:25 of 3rd period - Stopped by Philipp Grubauer without a rebound.
1:26 of 3rd period - Jordan Staal wins face-off versus Brayden Point in Vegas Golden Knights zone.
1:26 of 3rd period - Jordan Staal is hit by Alex Ovechkin.
1:33 of 3rd period - P.K. Subban is hit by Nikita Zaitsev and loses puck.
2:02 of 3rd period - Snap shot by Jaden Schwartz.
2:02 of 3rd period - Stopped by Jake Oettinger without a rebound.
2:03 of 3rd period - Anthony Cirelli wins face-off versus Brayden Point in Washington Capitals zone.
2:42 of 3rd period - Slapshot by Tom Wilson.
2:42 of 3rd period - Stopped by Jake Oettinger with a rebound.
2:54 of 3rd period - Slapshot by John Carlson.
2:54 of 3rd period - Stopped by Philipp Grubauer with a rebound.
2:56 of 3rd period - Snap shot by Barrett Hayton.
2:56 of 3rd period - Shot Hit the Post.
3:00 of 3rd period - Slapshot by Drake Batherson.
3:00 of 3rd period - Shot Misses the Net.
3:02 of 3rd period - Snap shot by Barrett Hayton.
3:02 of 3rd period - Deflect By Drake Batherson.
3:02 of 3rd period - Shot Blocked by Zach Parise.
3:02 of 3rd period - Puck is out of play.
3:03 of 3rd period - Brayden Point wins face-off versus Jaden Schwartz in Vegas Golden Knights zone.
3:16 of 3rd period - Snap shot by Brayden Point.
3:16 of 3rd period - Stopped by Philipp Grubauer with a rebound.
3:41 of 3rd period - Wrist shot by Tom Wilson.
3:41 of 3rd period - Goal by Tom Wilson - Vegas Golden Knights : 3 - Washington Capitals : 2.
3:42 of 3rd period - Brayden Point wins face-off versus Jordan Staal in neutral zone.
3:53 of 3rd period - Snap shot by Brayden Point.
3:53 of 3rd period - Stopped by Philipp Grubauer with a rebound.
4:42 of 3rd period - Snap shot by Anthony Cirelli.
4:42 of 3rd period - Stopped by Jake Oettinger without a rebound.
4:43 of 3rd period - Anthony Cirelli wins face-off versus Brayden Point in Washington Capitals zone.
5:52 of 3rd period - Artemi Panarin is hit by Nikita Zaitsev and loses puck.
6:13 of 3rd period - Wrist shot by Jason Robertson.
6:13 of 3rd period - Shot Misses the Net.
6:15 of 3rd period - Slapshot by Nikita Zaitsev.
6:15 of 3rd period - Stopped by Philipp Grubauer without a rebound.
6:16 of 3rd period - Brayden Point wins face-off versus Vladislav Namestnikov in Vegas Golden Knights zone.
6:17 of 3rd period - Snap shot by Alex Ovechkin.
6:17 of 3rd period - Stopped by Philipp Grubauer without a rebound.
6:18 of 3rd period - Brayden Point wins face-off versus Vladislav Namestnikov in Vegas Golden Knights zone.
6:38 of 3rd period - Minor Penalty to John Marino for Holding.
6:39 of 3rd period - Brayden Point wins face-off versus Jordan Staal in Vegas Golden Knights zone.
8:38 of 3rd period - Penalty to John Marino is over, John Marino is back on ice.
8:44 of 3rd period - Off-side.
8:45 of 3rd period - Isac Lundestrom wins face-off versus Colin White in neutral zone.
8:50 of 3rd period - Drake Batherson is hit by Colin White and loses puck.
9:02 of 3rd period - Icing by John Marino.
9:03 of 3rd period - Colin White wins face-off versus Fabian Zetterlund in Vegas Golden Knights zone.
9:26 of 3rd period - Snap shot by Andreas Johnsson.
9:26 of 3rd period - Shot Blocked by John Carlson.
9:28 of 3rd period - Wrist shot by Victor Olofsson.
9:28 of 3rd period - Shot Misses the Net.
9:58 of 3rd period - Snap shot by Colin White.
9:58 of 3rd period - Stopped by Jake Oettinger with a rebound.
10:00 of 3rd period - Slapshot by John Marino.
10:00 of 3rd period - Shot Misses the Net.
10:02 of 3rd period - Snap shot by Andreas Johnsson.
10:02 of 3rd period - Stopped by Jake Oettinger with a rebound.
10:04 of 3rd period - Snap shot by Victor Olofsson.
10:04 of 3rd period - Deflect By Andreas Johnsson.
10:04 of 3rd period - Shot Misses the Net.
10:04 of 3rd period - Puck is out of play.
10:05 of 3rd period - Brayden Point wins face-off versus Jordan Staal in Washington Capitals zone.
10:41 of 3rd period - Icing by Nikita Zaitsev.
10:42 of 3rd period - Barrett Hayton wins face-off versus Vladislav Namestnikov in Washington Capitals zone.
10:42 of 3rd period - Barrett Hayton is hit by Vladislav Namestnikov.
10:52 of 3rd period - P.K. Subban is hit by Nikita Zaitsev and loses puck.
11:07 of 3rd period - Slapshot by Jordan Kyrou.
11:07 of 3rd period - Shot Misses the Net.
11:09 of 3rd period - Slapshot by Connor Murphy.
11:09 of 3rd period - Shot Misses the Net.
11:11 of 3rd period - Snap shot by Connor Murphy.
11:11 of 3rd period - Stopped by Philipp Grubauer without a rebound.
11:12 of 3rd period - Brayden Point wins face-off versus Jordan Staal in Vegas Golden Knights zone.
11:15 of 3rd period - Slapshot by Patrick Kane.
11:15 of 3rd period - Stopped by Philipp Grubauer with a rebound.
11:29 of 3rd period - Slapshot by Brayden Point.
11:29 of 3rd period - Goal by Brayden Point - Vegas Golden Knights : 3 - Washington Capitals : 3.
11:30 of 3rd period - Brayden Point wins face-off versus Tom Wilson in neutral zone.
12:03 of 3rd period - Off-side.
12:04 of 3rd period - Anthony Cirelli wins face-off versus Fabian Zetterlund in neutral zone.
13:28 of 3rd period - Backhand shot by Drake Batherson.
13:28 of 3rd period - Stopped by Philipp Grubauer with a rebound.
13:30 of 3rd period - Snap shot by Erik Cernak.
13:30 of 3rd period - Shot Blocked by John Marino.
13:32 of 3rd period - Snap shot by Drake Batherson.
13:32 of 3rd period - Shot Misses the Net.
13:34 of 3rd period - Wrist shot by Barrett Hayton.
13:34 of 3rd period - Deflect By Drake Batherson.
13:34 of 3rd period - Goal by Drake Batherson - Vegas Golden Knights : 3 - Washington Capitals : 4.
13:35 of 3rd period - Jordan Staal wins face-off versus Brayden Point in neutral zone.
14:16 of 3rd period - Rickard Rakell is hit by Jason Robertson and loses puck.
14:33 of 3rd period - Wrist shot by Jordan Kyrou.
14:33 of 3rd period - Shot Blocked by Marc Staal.
15:15 of 3rd period - Victor Olofsson is hit by Erik Cernak and loses puck.
15:30 of 3rd period - Snap shot by Tom Wilson.
15:30 of 3rd period - Stopped by Jake Oettinger with a rebound.
16:13 of 3rd period - Snap shot by Jaden Schwartz.
16:13 of 3rd period - Shot Misses the Net.
16:15 of 3rd period - Slapshot by Anthony Cirelli.
16:15 of 3rd period - Stopped by Jake Oettinger without a rebound.
16:16 of 3rd period - Jason Robertson wins face-off versus Jordan Staal in Washington Capitals zone.
16:39 of 3rd period - Snap shot by Jason Robertson.
16:39 of 3rd period - Shot Blocked by Brian Dumoulin.
17:10 of 3rd period - Slapshot by Fabian Zetterlund.
17:10 of 3rd period - Shot Misses the Net.
17:12 of 3rd period - Slapshot by Fabian Zetterlund.
17:12 of 3rd period - Shot Blocked by John Marino.
17:14 of 3rd period - Snap shot by Jason Robertson.
17:14 of 3rd period - Shot Misses the Net.
17:16 of 3rd period - Snap shot by Fabian Zetterlund.
17:16 of 3rd period - Goal by Fabian Zetterlund - Vegas Golden Knights : 3 - Washington Capitals : 5.
17:17 of 3rd period - Owen Tippett wins face-off versus Vladislav Namestnikov in neutral zone.
17:24 of 3rd period - Slapshot by John Carlson.
17:24 of 3rd period - Shot Blocked by P.K. Subban.
17:26 of 3rd period - Snap shot by Dylan DeMelo.
17:26 of 3rd period - Shot Misses the Net.
17:28 of 3rd period - Slapshot by John Carlson.
17:28 of 3rd period - Shot Misses the Net.
17:30 of 3rd period - Slapshot by John Carlson.
17:30 of 3rd period - Deflect By Brayden Point.
17:30 of 3rd period - Shot Blocked by Marc-Edouard Vlasic.
17:30 of 3rd period - Puck is out of play.
17:31 of 3rd period - Vladislav Namestnikov wins face-off versus Brayden Point in Vegas Golden Knights zone.
17:37 of 3rd period - Snap shot by Brayden Point.
17:37 of 3rd period - Shot Misses the Net.
17:39 of 3rd period - Slapshot by Erik Cernak.
17:39 of 3rd period - Stopped by Philipp Grubauer without a rebound.
17:40 of 3rd period - Brayden Point wins face-off versus Zach Parise in Vegas Golden Knights zone.
17:41 of 3rd period - Snap shot by Patrick Kane.
17:41 of 3rd period - Stopped by Philipp Grubauer with a rebound.
17:43 of 3rd period - Snap shot by Patrick Kane.
17:43 of 3rd period - Stopped by Philipp Grubauer without a rebound.
17:44 of 3rd period - Vladislav Namestnikov wins face-off versus Owen Tippett in Vegas Golden Knights zone.
17:57 of 3rd period - John Carlson is hit by Vladislav Namestnikov and loses puck.
18:55 of 3rd period - Snap shot by Rickard Rakell.
18:55 of 3rd period - Stopped by Jake Oettinger without a rebound.
18:56 of 3rd period - Vladislav Namestnikov wins face-off versus Barrett Hayton in Washington Capitals zone.
19:01 of 3rd period - Wrist shot by Jonathan Drouin.
19:01 of 3rd period - Shot Misses the Net.
19:09 of 3rd period - Wrist shot by Vladislav Namestnikov.
19:09 of 3rd period - Shot Misses the Net.
19:23 of 3rd period - Marc-Edouard Vlasic is hit by Erik Cernak and loses puck.
19:52 of 3rd period - Brayden Point is hit by Marc Staal and loses puck.
Goals for this period are 1 for Vegas Golden Knights vs 3 for Washington Capitals.
Shots for this period are 9 for Vegas Golden Knights vs 17 for Washington Capitals.
Back to the Top